 Dungeon Crawl Stone Soup version 0.29-a0-911-g88e6f02907 (webtiles) character file.

Game seed: 15245959997209913117

155 quixfox the Digger (level 5, 0/28 HPs)
             Began as a Gargoyle Earth Elementalist on July 25, 2022.
             Slain by a black bear (1 damage)
             ... on level 6 of the Dungeon.
             The game lasted 00:04:53 (2138 turns).

quixfox the Digger (Gargoyle Earth Elementalist)    Turns: 2138, Time: 00:04:53

Health: 0/28       AC:  6    Str: 12    XL:     5   Next: 37%
Magic:  10/10      EV: 11    Int: 23    God:
Gold:   170        SH:  0    Dex: 10    Spells: 4/10 levels left

rFire   . . .      SeeInvis .   m - +3 dagger
rCold   . . .      Faith    .   (no shield)
rNeg    + . .      Spirit   .   a - +0 robe
rPois   ∞          Reflect  .   (no helmet)
rElec   +          Harm     .   (no cloak)
rCorr   .          Rampage  .   (no gloves)
Will    .....                   (no boots)
Stlth   ++........              j - amulet of magic regeneration
HPRegen 0.09/turn               n - +6 ring of intelligence
MPRegen 0.52/turn               (no ring)

@: no status effects
A: sickness immunity, AC +4, negative energy resistance 1, electricity
resistance, torment resistance 1, petrification resistance
a: no special abilities


You were on level 6 of the Dungeon.
You visited 1 branch of the dungeon, and saw 5 of its levels.

You collected 170 gold pieces.

Inventory:

Hand Weapons
 m - a +3 dagger (weapon)
Armour
 a - a +0 robe (worn)
Jewellery
 h - a ring of ice
 j - an amulet of magic regeneration (around neck)
 n - a +6 ring of intelligence (left hand)
Scrolls
 e - a scroll of fog {unknown}
 g - 2 scrolls of magic mapping {unknown}
 i - 2 scrolls of enchant weapon {unknown}
 k - a scroll of identify {unknown}
 l - 2 scrolls of amnesia {unknown}
 o - a scroll of immolation {unknown}
 p - a scroll of torment {unknown}
 s - a scroll of vulnerability {unknown}
Potions
 b - a potion of magic
 c - a potion of might {unknown}
 d - 2 potions of mutation {unknown}
 f - a potion of cancellation {unknown}
 q - a potion of curing {unknown}
 r - a potion of haste {unknown}


   Skills:
 - Level 1.5 Dodging
 - Level 2.1 Stealth
 + Level 3.4 Spellcasting
 + Level 2.0 Conjurations
 - Level 0.7 Transmutations
 + Level 5.3 Earth Magic


You had 4 spell levels left.
You knew the following spells:

 Your Spells              Type           Power      Damage    Failure   Level
a - Sandblast             Erth           56%        2d13      1%          1
b - Passwall              Tmut/Erth      14%        N/A       4%          2
c - Stone Arrow           Conj/Erth      42%        3d9       8%          3

Your spell library contained the following spells:

 Spells                   Type           Power      Damage    Failure   Level
 Beastly Appendage        Tmut           14%        N/A       9%          1
 Wereblood                Tmut           7%         N/A       12%         2
 Spider Form              Tmut/Pois      5%         N/A       28%         3
 Petrify                  Tmut/Erth      17%        N/A       32%         4


Dungeon Overview and Level Annotations

Branches:
Dungeon (4/15)
 Temple: D:4-7

Altars:


Innate Abilities, Weirdness & Mutations

You are immune to sickness and miasma.
Your stone body is resilient. (AC +4)
You are immune to poison.
You resist negative energy. (rN+)
You are resistant to electric shocks. (rElec)
You are resistant to unholy torment.
You are immune to petrification.


Message History

A goblin comes into view. It is wielding a +0 club.
A sourceless malevolence fills the Dungeon...
You fall into a shaft and drop 2 floors!
The shaft crumbles and collapses.
A black bear comes into view.
You can't see any susceptible monsters within range! (Use Z to cast anyway.)
You aren't carrying any items that you can evoke.
Unknown command.
You can't see any susceptible monsters within range! (Use Z to cast anyway.)
The blast of sand hits the black bear.
The black bear is lightly wounded.
The black bear growls angrily.
The blast of sand hits the black bear!
The black bear is moderately wounded.
The black bear bites you! The black bear misses you. The black bear claws you.
The blast of sand hits the black bear!
The black bear is heavily wounded.
The black bear bites you. The black bear claws you.
The black bear barely misses you. The black bear bites you.
* * * LOW HITPOINT WARNING * * *
The black bear barely misses you. The black bear claws you.
* * * LOW HITPOINT WARNING * * *
You are too injured to fight recklessly!
Aiming: Sandblast (safe; 1% risk of failure)
Press: ? - help, Q - select action, (/) - cycle Shift-Dir - straight line, f/p - black bear
Aim: a black bear (heavily wounded, 86% to hit)
The blast of sand hits the black bear!
The black bear is severely wounded.
The black bear goes berserk!
The black bear bites you.
* * * LOW HITPOINT WARNING * * *
The black bear claws you but does no damage. x2
Aiming: Sandblast (safe; 1% risk of failure)
Press: ? - help, Q - select action, (/) - cycle Shift-Dir - straight line, f/p - black bear
Aim: a black bear (severely wounded, berserk, 86% to hit)
The blast of sand hits the black bear.
The black bear is almost dead.
The black bear closely misses you.
The black bear claws you but does no damage.
The black bear claws you.
You die...

#.#
#.#
#.#
#.#
#.#
#.#
#h#
#@#
#.#
#.#
#.#
#.#
#.#
#.#
#.#
#.#


You could see a black bear (berserk).

Vanquished Creatures
  An orc priest (D:4)
  An orc wizard (D:4)
  4 adders
  A worm (D:2)
  2 dart slugs
  7 orcs
  3 endoplasms
  2 giant cockroaches
  3 goblins
  2 hobgoblins
  3 jackals (D:2)
  7 kobolds
  3 quokkas
  6 ball pythons
  3 bats
  5 rats
53 creatures vanquished.

Notes
Turn   | Place    | Note
-------+----------+-------------------------------------------
     0 | D:1      | quixfox the Gargoyle Earth Elementalist began the quest for
                  | the Orb.
     0 | D:1      | Reached XP level 1. HP: 10/10 MP: 3/3
   379 | D:1      | Found a faded altar of an unknown god.
   626 | D:1      | Reached skill level 4 in Earth Magic
   626 | D:1      | Reached XP level 2. HP: 15/15 MP: 3/5
   817 | D:2      | Reached XP level 3. HP: 19/19 MP: 6/6
   856 | D:2      | Identified the +2 robe "Qoytom" {Rampage Int-5 Dex+4}
   865 | D:2      | Identified the +6 hand axe of the Desolation of Salt
                  | {vorpal, Contam rElec rCorr Dex-2}
  1124 | D:2      | Learned a level 2 spell: Passwall
  1128 | D:2      | Learned a level 3 spell: Stone Arrow
  1525 | D:3      | Reached XP level 4. HP: 24/24 MP: 8/8
  1683 | D:3      | Reached skill level 1 in Conjurations
  2063 | D:4      | Reached skill level 5 in Earth Magic
  2066 | D:4      | Reached XP level 5. HP: 25/28 MP: 9/9
  2118 | D:4      | You fall into a shaft and drop 2 floors!
  2129 | D:6      | Noticed a black bear
  2137 | D:6      | HP: 1/28 [black bear (3)]
  2138 | D:6      | Slain by a black bear

Illustrated notes

Levels and vault maps discovered:
D:1:      matt_arrival_diagonals, layout_basic,
          chequers_ecumenical_altar_simple_redux
D:2:      layout_basic
D:3:      layout_loops_ring, kennysheep_generic_room_6
D:4:      layout_basic, nemelex_spade_bored_becter, serial_shops, shop,
          minmay_small_thing, uniq_pikel
D:6:      layout_loops_ring

Skill      XL: |  1  2  3  4  5 |
---------------+----------------+-----
Earth Magic    | 4 5 |  5.3
Spellcasting   | 3 |  3.4
Conjurations   | 1 2 |  2.0
Dodging        | |  1.5
Stealth        | |  2.1
Transmutations | |  0.7

Action                   |  1- 3 |  4- 6 || total
-------------------------+-------+-------++-------
 Cast: Sandblast         |    46 |    31 ||    77
Armor: Robe              |     6 |     5 ||    11
Dodge: Dodged            |     9 |     9 ||    18

Table legend: (Time is in decaauts)
 A = Elapsed time spent in this place.
 B = Non-inter-level travel time spent in this place.
 C = Inter-level travel time spent in this place.
 D = Time resting spent in this place.
 E = Time spent auto-exploring this place.
 F = Levels seen in this place.
 G = Mean time per level.
                   A        B        C        D        E       F      G
               +--------+--------+--------+--------+--------+-----+--------+
         Total |   2215 |   2143 |     72 |     46 |   1701 |   5 |  443.0 |
       Dungeon |   2215 |   2143 |     72 |     46 |   1701 |   5 |  443.0 |
               +--------+--------+--------+--------+--------+-----+--------+

Top non-repeatable levels by time:
     D:2: 835 daAuts
     D:1: 690 daAuts
     D:3: 589 daAuts
     D:4: 76 daAuts
     D:6: 23 daAuts
